 Dungeon Crawl Stone Soup version 0.27-a0-1502-g47ed6a6988 (webtiles) character file.

Game seed: 14938479734568567348

611 Mesmaeker13 the Bolt Thrower (level 7, -2/44 HPs)
             Began as a Kobold Hunter on July 8, 2021.
             Was an Initiate of Nemelex Xobeh.
             Slain by Sigmund (10 damage)
             ... on level 2 of the Dungeon.
             The game lasted 00:08:39 (6252 turns).

Mesmaeker13 the Bolt Thrower (Kobold Hunter)        Turns: 6252, Time: 00:08:39

Health: -2/44      AC:  5    Str: 11    XL:     7   Next: 72%
Magic:  7/7        EV: 16    Int: 12    God:    Nemelex Xobeh [......]
Gold:   257        SH:  0    Dex: 16    Spells: 6/6 levels left

rFire    . . .     SeeInvis .   i - +3 whip (elec)
rCold    . . .     Faith    .   (shield restricted)
rNeg     . . .     Spirit   .   c - +0 leather armour
rPois    .         Reflect  .   r - +0 helmet
rElec    .         Harm     .   A - +0 cloak
rCorr    .         Rampage  .   (no gloves)
Will     .....                  (no boots)
Stlth    +++.......             (no amulet)
HPRegen  0.14/turn              x - +4 ring of slaying
MPRegen  0.10/turn              (no ring)

@: about to teleport
A: small, no large weapons, nightstalker 3
a: Renounce Religion, Draw Escape, Draw Destruction, Draw Summoning


You were on level 2 of the Dungeon.
You worshipped Nemelex Xobeh.
Nemelex Xobeh was noncommittal.
You visited 2 branches of the dungeon, and saw 5 of its levels.

You collected 257 gold pieces.

Inventory:

Hand Weapons
 a - a +1 hand crossbow
 i - a +3 whip of electrocution (weapon)
 m - a +0 dagger of venom
 v - a +2 vampiric dagger
Missiles
 d - 35 bolts
Armour
 c - a +0 leather armour (worn)
 r - a +0 helmet (worn)
 A - a +0 cloak (worn)
Jewellery
 x - a +4 ring of slaying (left hand)
Wands
 p - a wand of charming (9)
Scrolls
 b - a scroll of amnesia
 e - 3 scrolls of torment
 j - 4 scrolls of teleportation
 l - 2 scrolls of enchant weapon
 n - a scroll of fear {unknown}
 o - a scroll of summoning
 q - 2 scrolls of noise
 s - a scroll of vulnerability {unknown}
 t - a scroll of blinking
 y - a scroll of enchant armour {unknown}
Potions
 f - 2 potions of flight
 g - a potion of brilliance
 k - a potion of haste {unknown}
 u - a potion of mutation {unknown}
 w - a potion of magic
 z - 2 potions of attraction {unknown}


   Skills:
 + Level 4.7 Fighting
 + Level 6.7 Crossbows
 + Level 5.1 Dodging
 - Level 4.2 Stealth
 + Level 2.9 Evocations


You had 6 spell levels left.
You didn't know any spells.
Your spell library contained the following spells:

 Spells                   Type           Power      Damage    Failure   Level
 Corona                   Hex            0%         N/A       41%         1
 Foxfire                  Conj/Fire      0%         2x1d4     41%         1
 Ensorcelled Hibernation  Hex/Ice        0%         N/A       54%         2
 Sublimation of Blood     Necr           0%         N/A       54%         2
 Wereblood                Tmut           0%         N/A       54%         2
 Conjure Flame            Conj/Fire      0%         6-21      78%         3
 Inner Flame              Hex/Fire       0%         N/A       78%         3
 Tukima's Dance           Hex            0%         N/A       78%         3
 Olgreb's Toxic Radiance  Pois           0%         N/A       99%         4
 Ozocubu's Refrigeration  Ice            0%         4d5       100%        7
 Summon Hydra             Summ           0%         N/A       100%        7
 Ignition                 Fire           0%         3d3       100%        8


Dungeon Overview and Level Annotations

Branches:
Dungeon (4/15)             Temple (1/1) D:4

Altars:
Ashenzari
Cheibriados
Dithmenos
Elyvilon
Fedhas
Gozag
Kikubaaqudgha
Makhleb
Nemelex Xobeh
Ru
Trog
Uskayaw
Wu Jian
Xom
The Shining One

Annotations:
D:2 Sigmund


Innate Abilities, Weirdness & Mutations

You are small and have problems with some larger weapons.
You are completely attuned to the shadows.


Message History

An adder is nearby!
The helpless adder fails to defend itself.
You hit the adder. Lightning courses through the adder!
You kill the adder!
No target in view!
Done exploring.
Done exploring.
There is a stone staircase leading down here.
You see here a +0 dagger.
A worm is nearby!
You whack the worm!
The worm is moderately wounded.
The worm bites you.
You hit the worm.
The worm is severely wounded.
You hit the worm.
The worm is severely wounded.
The worm bites you!
Sigmund shouts!
You hit the worm but do no damage. Lightning courses through the worm!
You kill the worm!
Sigmund barely misses you. Sigmund hits you with a +0 scythe.
You barely miss Sigmund. Sigmund barely misses you.
You barely miss Sigmund. Sigmund hits you with a +0 scythe.
You whack Sigmund!
Sigmund is moderately wounded.
Sigmund casts a spell.
Sigmund flickers and vanishes!
Deactivating autopickup; reactivate with Ctrl-A.
Something hits you!
* * * LOW HITPOINT WARNING * * *
Something hits you!
* * * LOW HITPOINT WARNING * * *
You feel better.
Okay, then.
As you read the scroll of teleportation, it crumbles to dust.
You feel strangely unstable. Something hits you!
You die...
Your body disappears without a glow.

...####....# #..###...#.###
...# #.#.## ##..#....#.#
...####.#.######....#.#.#
.......>..............#.##
...............#........†#
..).....#.##.............#
...####.#...........###..##
................†.........#
.............)..@.........#
.###########........####..#
.##........##.......####.>#
##..........##............##
#............##............#
..............#####.####.###
...............## #.# #.#
................# #.# #.#
....♣♣♣♣♣♣......# #.# #.#


There were no monsters in sight!

Vanquished Creatures
  3 scorpions
  Crazy Yiuf (D:2)
  A centaur skeleton (D:3)
  An orc wizard (D:3)
  Natasha (thrice) (D:2)
  Robin (D:2)
  11 adders
  An ufetubus (D:4)
  An adder skeleton (D:4)
  A worm (D:2)
  4 dart slugs
  7 orcs
  8 endoplasms
  A giant cockroach (D:1)
  13 goblins
  9 hobgoblins
  11 jackals
  7 kobolds
  6 quokkas
  15 ball pythons
  9 bats
  5 frilled lizards
  9 rats
128 creatures vanquished.

Vanquished Creatures (collateral kills)
  An orc priest (D:4)
  A giant cockroach (D:4)
2 creatures vanquished.

Grand Total: 130 creatures vanquished

Notes
Turn   | Place    | Note
-------+----------+-------------------------------------------
     0 | D:1      | Mesmaeker13 the Kobold Hunter began the quest for the Orb.
     0 | D:1      | Reached XP level 1. HP: 12/12 MP: 1/1
    87 | D:1      | Reached XP level 2. HP: 11/18 MP: 2/2
   300 | D:1      | Reached skill level 5 in Crossbows
   573 | D:1      | Reached XP level 3. HP: 22/22 MP: 3/3
  1247 | D:2      | Reached XP level 4. HP: 26/27 MP: 4/4
  1420 | D:2      | Noticed Sigmund
  1621 | D:3      | Found an ancient bone altar of Kikubaaqudgha.
  1751 | D:3      | Found a shimmering altar of Xom.
  1997 | D:3      | Found an ornate altar of the Wu Jian Council.
  2068 | D:3      | Noticed a scorpion
  2072 | D:3      | Killed a scorpion
  2073 | D:3      | Reached XP level 5. HP: 32/32 MP: 5/5
  2385 | D:3      | Reached XP level 6. HP: 38/38 MP: 6/6
  3391 | D:4      | Reached skill level 6 in Crossbows
  3695 | D:4      | Found a staircase to the Ecumenical Temple.
  3701 | Temple   | Entered the Ecumenical Temple
  3752 | Temple   | Became a worshipper of Nemelex Xobeh the Trickster
  3937 | D:4      | Reached skill level 1 in Evocations
  4447 | D:4      | Reached XP level 7. HP: 38/43 MP: 7/7
  4975 | D:2      | Noticed Robin
  5001 | D:2      | Killed Robin
  5236 | D:2      | Found a faded altar of an unknown god.
  5409 | D:2      | Noticed Natasha
  5411 | D:2      | Killed Natasha
  5424 | D:2      | Noticed Natasha
  5429 | D:2      | Killed Natasha
  5958 | D:2      | Found a runed translucent door.
  5961 | D:2      | Noticed Crazy Yiuf
  5965 | D:2      | Killed Crazy Yiuf
  5966 | D:2      | Reached skill level 5 in Dodging
  6160 | D:2      | Noticed Natasha
  6165 | D:2      | Killed Natasha
  6249 | D:2      | HP: 1/44 [something (10)]
  6252 | D:2      | Slain by Sigmund

Illustrated notes

Levels and vault maps discovered:
D:1:      dpeg_arrival_brainrot, layout_rooms
D:2:      minmay_inner_zag, layout_basic, hellmonk_ecumenical_altar_lost_god,
          kennysheep_big_empty_room, minmay_fractal_squares_gapless_5,
          uniq_natasha, uniq_sigmund, uniq_crazy_yiuf_cottage, uniq_robin
D:3:      minmay_razor_zed, layout_basic, mainiacjoe_overflow_paths,
          mainiacjoe_overflow_boulevard, lemuel_coloured_pillars_altar
D:4:      minmay_skewed_foursquare, layout_basic, minmay_temple_entry_junction,
          hangedman_abyss_or_decor_lesser_grid, eino_tiny_chamber,
          minmay_snake_closets
Temple:   minmay_temple_bridge_abc

Skill      XL: |  1  2  3  4  5  6  7 |
---------------+----------------------+-----
Crossbows      | 5 6 |  6.7
Stealth        | 2 3 4 |  4.2
Dodging        | 3 4 5 |  5.1
Fighting       | 3 4 |  4.7
Evocations     | 1 2 |  2.9

Action                   |  1- 3 |  4- 6 |  7- 9 || total
-------------------------+-------+-------+-------++-------
Melee: Short sword       |    23 |       |       ||    23
       Whip              |     9 |   120 |    90 ||   219
       Dagger            |       |     6 |     2 ||     8
 Fire: Hand crossbow     |    42 |     3 |     2 ||    47
Evoke: Wand              |       |     3 |       ||     3
  Use: Scroll            |     4 |     5 |     3 ||    12
       Potion            |       |     2 |     1 ||     3
 Stab: Distracted        |     2 |       |       ||     2
       Sleeping          |     1 |    19 |    12 ||    32
Armor: Leather armour    |     8 |    20 |    12 ||    40
Dodge: Dodged            |    34 |   101 |    47 ||   182

Table legend: (Time is in decaauts)
 A = Elapsed time spent in this place.
 B = Non-inter-level travel time spent in this place.
 C = Inter-level travel time spent in this place.
 D = Time resting spent in this place.
 E = Time spent auto-exploring this place.
 F = Levels seen in this place.
 G = Mean time per level.
                   A        B        C        D        E       F      G
               +--------+--------+--------+--------+--------+-----+--------+
         Total |   6283 |   6096 |    187 |   1755 |   3226 |   5 | 1256.6 |
       Dungeon |   6094 |   5930 |    164 |   1755 |   3068 |   4 | 1523.5 |
        Temple |    188 |    165 |     23 |      0 |    158 |   1 |  188.0 |
               +--------+--------+--------+--------+--------+-----+--------+

Top non-repeatable levels by time:
     D:2: 1773 daAuts
     D:4: 1609 daAuts
     D:3: 1605 daAuts
     D:1: 1106 daAuts
  Temple: 188 daAuts
